 Dungeon Crawl Stone Soup version 0.31-a0-1370-gf52a5a9ab3 (webtiles) character file.

Game seed: 12541385715262810261

96 HoneyBeePlush the Cudgeller (level 4, 0/38 HPs)
             Began as a Minotaur Gladiator on Dec 24, 2023.
             Succumbed to their own poison gas
             ... on level 2 of the Dungeon.
             The game lasted 00:21:08 (1258 turns).

HoneyBeePlush the Cudgeller (Minotaur Gladiator)    Turns: 1258, Time: 00:21:09

Health: 0/38       AC:  4    Str: 23    XL:     4   Next: 41%
Magic:  3/3        EV: 18    Int:  7    God:
Gold:   72         SH:  0    Dex: 16    Spells: 3/3 levels left

rFire   . . .        o - +1 short sword (venom)
rCold   + . .        (no shield)
rNeg    . . .        b - +0 leather armour
rPois   .            c - +0 hat
rElec   .            (no cloak)
rCorr   .            k - +0 pair of gloves
SInv    .            (no boots)
Will    .....        p - amulet of faith
Stlth   +            f - +5 ring of evasion
HPRegen 0.26/turn    m - ring "Paox" {^Contam rC+ Str+4 Dex+5}
MPRegen 0.08/turn

%: faith
@: lethally poisoned (0 -> -13)
A: horns 2, retaliatory headbutt
a: no special abilities


You were on level 2 of the Dungeon.
You visited 1 branch of the dungeon, and saw 2 of its levels.

You collected 72 gold pieces.

Inventory:

Hand Weapons
 a - a +0 flail
 o - a +1 short sword of venom (weapon)
Missiles
 d - 3 throwing nets (quivered)
 e - a javelin
Armour
 b - a +0 leather armour (worn)
 c - a +0 hat (worn)
 k - a +0 pair of gloves (worn)
 r - a +0 leather armour
Jewellery
 f - a +5 ring of evasion (left hand)
 l - a ring of poison resistance
 m - the ring "Paox" (right hand) {^Contam rC+ Str+4 Dex+5}
   (You acquired it on level 2 of the Dungeon)

   [ring of protection from cold]

   Str+4:     It affects your strength (+4).
   Dex+5:     It affects your dexterity (+5).
   rC+:       It protects you from cold.
   ^Contam:   It causes magical contamination when unequipped.
 p - an amulet of faith (around neck)
Talismans
 j - a blade talisman
Wands
 q - a wand of polymorph (13)
Scrolls
 h - a scroll of identify
 i - a scroll of noise


   Skills:
 + Level 3.1 Fighting
 + Level 0.1 Short Blades
 + Level 4.6 Maces & Flails
 + Level 2.2 Throwing
 + Level 1.6 Armour
 + Level 4.1 Dodging
 + Level 0.3 Stealth
 + Level 0.1 Unarmed Combat


You had 3 spell levels left.
You didn't know any spells.
Your spell library contained the following spells:

 Spells                   Type           Power      Damage    Failure   Level
 Call Canine Familiar     Summ           0%         N/A       85%         3
 Gell's Gravitas          Tloc           0%         N/A       85%         3
 Sigil of Binding         Hex            0%         N/A       85%         3
 Stone Arrow              Conj/Erth      0%         3d7       85%         3
 Teleport Other           Tloc           0%         N/A       85%         3
 Animate Armour           Summ/Erth      0%         N/A       99%         4
 Dimensional Bullseye     Hex/Tloc       0%         N/A       99%         4
 Dispersal                Tloc           0%         N/A       100%        6
 Lehudib's Crystal Spear  Conj/Erth      0%         10d2      100%        8


Dungeon Overview and Level Annotations

Branches:
Dungeon (2/15)

Altars:


Innate Abilities, Weirdness & Mutations

You have a pair of horns on your head.
You reflexively headbutt those who attack you in melee.


Message History

Crazy Yiuf laughs, "Ten shoe koolooloo!"
As you open the door, it creaks loudly!
You hit Crazy Yiuf but do no damage.
Crazy Yiuf is poisoned.
Crazy Yiuf hits you with a +3 quarterstaff of chaos!
Crazy Yiuf freezes you.
You hit Crazy Yiuf but do no damage.
Crazy Yiuf looks even sicker.
Your headbutt misses Crazy Yiuf.
Crazy Yiuf is lightly wounded.
Crazy Yiuf hits you with a +3 quarterstaff of chaos!
Crazy Yiuf draws strength from your wounds!
You barely miss Crazy Yiuf. You headbutt Crazy Yiuf.
Crazy Yiuf is lightly wounded.
Crazy Yiuf hits you with a +3 quarterstaff of chaos!
* * * LOW HITPOINT WARNING * * *
Crazy Yiuf says, "Ice aubergine spinner!"
Crazy Yiuf attacks as he pursues you! Crazy Yiuf barely misses you.
Crazy Yiuf attacks as he pursues you! Crazy Yiuf misses you.
You furiously retaliate!
You headbutt Crazy Yiuf!
You feel a bit more experienced.
There is a shaft here.
Okay, then.
Aiming: Polymorph
Press: ? - help, Shift-Dir - straight line
Okay, then.
There is a shaft here.
There is a shaft here.
The air fills with toxic fumes!
As you read the scroll labelled LORASCH JAYNETIRR, it crumbles to dust.
It was a scroll of poison.
Okay, then.
As you read the scroll labelled FUWKOB NINESA, it crumbles to dust.
It is a scroll of identify.
i - a scroll of noise Sorry, I don't know how to get there.
Sorry, I don't know how to get there.
You are engulfed in poison gas.
You are lethally poisoned!
* * * LOW HITPOINT WARNING * * *
x2 You feel very sick.
You die...

#.....#############
#####..############
#.§############
#§§############ ###**
♣♣##§§§§.......### #)..#♣♣
♣♣§§§§§#........###
#...'.♣♣♣♣§§§§§§##8.....8###
#...#♣.g♣§§§§§§§##.......###
###**♣♣♣.♣§@§§§###8.....8###
♣♣♣♣♣######.......###
#####8.....8#..
#####.......###
#####8.....8### *********
#####.......### *,,,,,,,*
**#############..
*,,,,,,,*****,..............#
*,,,,,,,,,,,,,###############


There were no monsters in sight!

Vanquished Creatures
  Crazy Yiuf (D:2)
  Ijyb (D:2)
  An adder (D:2)
  A dart slug (D:2)
  3 ball pythons
  3 bats
  5 endoplasms
  8 goblins
  A hobgoblin (D:1)
  2 kobolds
  A quokka (D:1)
  3 frilled lizards
  4 rats
34 creatures vanquished.

Notes
Turn   | Place    | Note
-------+----------+-------------------------------------------
     0 | D:1      | HoneyBeePlush the Minotaur Gladiator began the quest for
                  | the Orb.
     0 | D:1      | Reached XP level 1. HP: 18/18 MP: 0/0
   243 | D:1      | Reached XP level 2. HP: 25/25 MP: 1/1
   876 | D:2      | Identified a scroll of acquirement
   876 | D:2      | Acquired the ring "Paox" {^Contam rC+ Str+4 Dex+5}
   956 | D:2      | Reached XP level 3. HP: 28/30 MP: 2/2
   957 | D:2      | Reached skill level 1 in Armour
  1064 | D:2      | Noticed Ijyb
  1082 | D:2      | Killed Ijyb
  1083 | D:2      | Reached XP level 4. HP: 16/38 MP: 3/3
  1220 | D:2      | Found a runed translucent door.
  1221 | D:2      | Noticed Crazy Yiuf
  1231 | D:2      | Killed Crazy Yiuf
  1258 | D:2      | Succumbed to their own poison gas

Illustrated notes

Levels and vault maps discovered:
D:1:      orjb1_lava_funnel, layout_basic, minmay_tetromino_i4
D:2:      kennysheep_the_goblin_king, layout_rooms, uniq_crazy_yiuf_cottage

Skill      XL: |  1  2  3 |
---------------+----------+-----
Maces & Flails | 4 |  4.6
Armour         | 1 |  1.6
Fighting       | 3 |  3.1
Dodging        | 4 |  4.1
Short Blades   | |  0.1
Throwing       | |  2.2
Stealth        | |  0.3
Unarmed Combat | |  0.1

Action                     |  1- 3 |  4- 6 || total
---------------------------+-------+-------++-------
  Melee: Flail             |    48 |       ||    48
         Headbutt          |     6 |     1 ||     7
         Punch             |     1 |       ||     1
         Unarmed           |    16 |     1 ||    17
         Short sword       |    13 |     4 ||    17
    Use: Scroll            |     2 |     4 ||     6
 Armour: Leather armour    |    24 |     3 ||    27
         Skin              |     5 |       ||     5
  Dodge: Dodged            |    63 |     3 ||    66

Table legend: (Time is in decaauts)
 A = Elapsed time spent in this place.
 B = Non-inter-level travel time spent in this place.
 C = Inter-level travel time spent in this place.
 D = Time resting spent in this place.
 E = Time spent auto-exploring this place.
 F = Levels seen in this place.
 G = Mean time per level.
                   A        B        C        D        E       F      G
               +--------+--------+--------+--------+--------+-----+--------+
         Total |   1253 |    313 |    940 |      0 |     14 |   2 |  626.5 |
       Dungeon |   1253 |    313 |    940 |      0 |     14 |   2 |  626.5 |
               +--------+--------+--------+--------+--------+-----+--------+

Top non-repeatable levels by time:
     D:1: 872 daAuts
     D:2: 381 daAuts
